 Dungeon Crawl Stone Soup version 0.27-a0-1557-g57f10a385c (webtiles) character file.

Game seed: 2640399414643016729

22 nyamberluvr69 the Skirmisher (level 2, -1/37 HPs)
             Began as a Palentonga Berserker on July 15, 2021.
             Was a Follower of Trog.
             Slain by Terence (8 damage)
             ... on level 2 of the Dungeon.
             The game lasted 00:01:02 (879 turns).

nyamberluvr69 the Skirmisher (Palentonga Berserker)  Turns: 879, Time: 00:01:02

Health: -1/37      AC:  9    Str: 20    XL:     2   Next: 68%
Magic:  2/2        EV:  8    Int:  7    God:    Trog [*.....]
Gold:   85         SH:  0    Dex:  9    Spells: 1/1 levels left

rFire    . . .     SeeInvis +   a - +0 mace
rCold    . . .     Faith    .   (no shield)
rNeg     . . .     Spirit   .   c - +3 scale mail
rPois    .         Reflect  .   (no helmet)
rElec    .         Harm     .   (no cloak)
rCorr    .         Rampage  .   (no gloves)
Will     .....                  (no barding)
Stlth    ..........             (no amulet)
HPRegen  0.12/turn              (no ring)
MPRegen  0.08/turn              (no ring)

@: berserking, very quick
A: large, rugged brown scales 3, see invisible, deformed body, roll 1, armoured
tail
a: Rolling Charge, Renounce Religion, Berserk


You were on level 2 of the Dungeon.
You worshipped Trog.
Trog was aware of your devotion.
You visited 1 branch of the dungeon, and saw 2 of its levels.

You collected 85 gold pieces.

Inventory:

Hand Weapons
 a - a +0 mace (weapon)
Armour
 b - a +0 animal skin
 c - a +3 scale mail (worn)
Jewellery
 e - a ring of flight
Scrolls
 f - 2 scrolls of fear {unknown}
Potions
 d - 2 potions of curing {unknown}
 g - a potion of mutation {unknown}


   Skills:
 + Level 3.5 Fighting
 + Level 3.5 Maces & Flails
 - Level 1.5 Armour
 - Level 1.5 Dodging


You had one spell level left.
You didn't know any spells.
Your spell library was empty.

Dungeon Overview and Level Annotations

Branches:
Dungeon (2/15)

Altars:

Annotations:
D:2 Terence


Innate Abilities, Weirdness & Mutations

You are completely covered in rugged brown scales. (AC +3, +7% HP)
You have supernaturally acute eyesight. (SInv)
Armour fits poorly on your strangely shaped body.
You can roll at nearby foes to attack.
You have a long armoured tail.


Message History

You barely miss the hobgoblin.
The hobgoblin is heavily wounded.
The hobgoblin barely misses you.
The hobgoblin hits you but does no damage.
You barely miss the hobgoblin.
The hobgoblin is heavily wounded.
The hobgoblin closely misses you.
You closely miss the hobgoblin.
The hobgoblin is heavily wounded.
The hobgoblin hits you but does no damage.
A red film seems to cover your vision as you go berserk!
You feel yourself moving faster!
You feel mighty!
The hobgoblin hits you but does no damage.
Terence hits you with a +0 morningstar.
You closely miss Terence. You tail-slap Terence!
Terence is heavily wounded.
The hobgoblin closely misses you. Terence hits you with a +0 morningstar!
You closely miss Terence.
Your tail-slap misses Terence.
Terence is heavily wounded.
The hobgoblin barely misses you. Terence closely misses you.
You closely miss Terence.
Your tail-slap misses Terence.
Terence is heavily wounded.
The hobgoblin barely misses you.
You barely miss Terence.
Your tail-slap misses Terence.
Terence is heavily wounded.
Terence hits you with a +0 morningstar.
You sock Terence!
Your tail-slap misses Terence.
Terence is almost dead.
The hobgoblin hits you but does no damage.
Terence hits you with a +0 morningstar!
* * * LOW HITPOINT WARNING * * *
You closely miss Terence.
Terence is almost dead.
The hobgoblin hits you but does no damage.
Terence barely misses you.
You closely miss Terence.
Terence is almost dead.
The hobgoblin hits you but does no damage.
Terence hits you with a +0 morningstar!
You die...

...... .... ..... .
#.#. #..$#
..##.#.##...##
.............#
....... #....# .#
.......##....#...##
......@....<.......
......g@.....#...##
...#.#?......# ...
............ .
#.#..........
#.#.....#.#...#
............... #
.#.....#.#...#
#...#....


You could see Terence and a hobgoblin.

Vanquished Creatures
  2 endoplasms (D:1)
  A giant cockroach (D:1)
  A goblin (D:1)
  2 hobgoblins (D:1)
  6 jackals (D:1)
  A quokka (D:1)
  3 ball pythons (D:1)
  A bat (D:1)
  2 rats (D:1)
19 creatures vanquished.

Notes
Turn   | Place    | Note
-------+----------+-------------------------------------------
     0 | D:1      | nyamberluvr69 the Palentonga Berserker began the quest for
                  | the Orb.
     0 | D:1      | Reached XP level 1. HP: 19/19 MP: 1/1
    85 | D:1      | Reached XP level 2. HP: 25/25 MP: 2/2
   866 | D:2      | Noticed Terence
   879 | D:2      | Slain by Terence

Illustrated notes

Levels and vault maps discovered:
D:1:      dpeg_arrival_brainrot, layout_loops_ring
D:2:      layout_basic, solitary_fountain, minmay_box_of_dots,
          uniq_crazy_yiuf_cottage, uniq_terence

Action                   || total
-------------------------++-------
Melee: Mace              ||    67
       Tailslap          ||     4
Invok: Berserk           ||     1
 Abil: Rolling Charge    ||     3
Armor: Animal skin       ||    12
       Scale mail        ||    26
Dodge: Dodged            ||    40

Table legend: (Time is in decaauts)
 A = Elapsed time spent in this place.
 B = Non-inter-level travel time spent in this place.
 C = Inter-level travel time spent in this place.
 D = Time resting spent in this place.
 E = Time spent auto-exploring this place.
 F = Levels seen in this place.
 G = Mean time per level.
                   A        B        C        D        E       F      G
               +--------+--------+--------+--------+--------+-----+--------+
         Total |    892 |    886 |      6 |      0 |    743 |   2 |  446.0 |
       Dungeon |    892 |    886 |      6 |      0 |    743 |   2 |  446.0 |
               +--------+--------+--------+--------+--------+-----+--------+

Top non-repeatable levels by time:
     D:1: 877 daAuts
     D:2: 15 daAuts
